Cogmind - Beta 9.6 @@@ ROGUE MODE // 2020.04.21 @ 00:14:56 Player: heavypress Result: Destroyed by Y-54 Guardian with Gatling Laser Performance ------------- Evolutions (3) 1500 Regions Visited (6) 1200 Robots Destroyed (17) 85 Value Destroyed (488) 488 Prototype IDs (0) 0 Alien Tech Used (0) 0 Bonus (0) 0 TOTAL SCORE: 3273 Bonus ------- None Cogmind --------- Core Integrity 0/700 Matter 300/300 Energy 290/290 System Corruption 0% Temperature Cool (6) Movement Core (250) Ox4 Location -7/Lower Caves Parts ------- > --- POWER (2) -------- Improved Deuterium Engine > --- PROPULSION (6) --- (None) > --- UTILITY (3) ------ Improved Melee Analysis Suite > --- WEAPON (2) ------- Great Axe > --- INVENTORY (4) ---- (None) Peak State ------------ > --- POWER ------------ Light Nuclear Core Light Nuclear Core > --- PROPULSION ------- Titanium Leg Titanium Leg Titanium Leg Titanium Leg VTOL Module > --- UTILITY ---------- Improved Melee Analysis Suite > --- WEAPON ----------- Great Axe > --- INVENTORY -------- Transport Network Coupler Impact Mace Great Axe [Rating: 29] Favorites ----------- Power Light Nuclear Core Engine Light Ion Engine Power Core Light Nuclear Core Propulsion Titanium Leg Leg Titanium Leg Wheel Wheel Flight Unit Flight Unit Utility Improved Melee Analysis Suite Device Maneuvering Thrusters Processor Improved Melee Analysis Suite Weapon Great Axe Energy Gun Medium Laser Ballistic Gun Assault Rifle Slashing Weapon Great Axe Build | -11 -10 -10 -9 -8 -7 -7 ------- Run | Scr Mat Min Mat Mat Fac Low Slots Evolved 6 | . . . 2 2 2 . Power 1 | . . . 1 . . . Propulsion 4 | . . . . 2 2 . Utility 1 | . . . 1 . . . Weapon . | . . . . . . . Parts Attached 29 | 5 . 6 2 1 6 9 Power 7 | 1 . 2 1 . 1 2 Engine 5 | 1 . 2 1 . . 1 Core 2 | . . . . . 1 1 Reactor . | . . . . . . . Propulsion 14 | 2 . 2 1 1 4 4 Treads . | . . . . . . . Leg 5 | . . . . . 4 1 Wheel 2 | 2 . . . . . . Hover . | . . . . . . . Flight 7 | . . 2 1 1 . 3 Utility 3 | . . 1 . . . 2 Device 1 | . . 1 . . . . Storage . | . . . . . . . Processor 2 | . . . . . . 2 Hackware . | . . . . . . . Protection . | . . . . . . . Artifact . | . . . . . . . Weapon 5 | 2 . 1 . . 1 1 Energy Gun 1 | 1 . . . . . . Energy Cannon . | . . . . . . . Ballistic Gun 1 | 1 . . . . . . Ballistic Cannon . | . . . . . . . Launcher . | . . . . . . . Special Weapon . | . . . . . . . Impact Weapon . | . . . . . . . Slashing Weapon 3 | . . 1 . . 1 1 Piercing Weapon . | . . . . . . . Special Melee Weapon . | . . . . . . . Unidentified Prototypes . | . . . . . . . Parts Lost 21 | . 1 3 2 3 . 12 Power 6 | . 1 1 1 1 . 2 Propulsion 12 | . . 1 1 2 . 8 Utility 2 | . . 1 . . . 1 Weapon 1 | . . . . . . 1 Highest Loss Streak 12 | . 1 3 2 3 . 12 Average Slot Usage (%) 54 | . 68 65 44 33 43 53 Engine 5 | . 11 13 11 9 . . Core 3 | . . . . . 1 8 Leg 15 | . . . . . 26 26 Wheel 7 | . 28 21 . . . . Flight 7 | . . 6 22 15 7 6 Processor 1 | . . . . . . 2 Energy Gun 3 | . 14 8 . . . . Ballistic Gun 3 | . 14 9 . . . . Slashing Weapon 6 | . . 5 11 9 7 7 Naked Turns . | . . . . . . . Heaviest Build 14 | 7 7 7 5 5 9 14 Greatest Support 68 | 26 26 26 8 8 68 68 Greatest Overweight (x) 4 | . . . . 1 . 4 Average Overweight (x) . | . . . . . . . Largest Inventory Capacity 4 | 4 4 4 4 4 4 4 Average Capacity 4 | 4 4 4 4 4 4 4 Most Carried 4 | 4 1 4 3 1 4 4 Average Carried 1 | 1 1 1 2 . . 3 Final Capacity 4 | 4 4 4 4 4 4 4 Final Carried 3 | 1 1 3 1 . 3 . Class Distribution -------------------- 100% | Mutant Dominant Class ---------------- Mutant | -10/Materials Mutant | -10/Mines Mutant | -9/Materials Mutant | -8/Materials Mutant | -7/Factory Mutant | -7/Lower Caves Resources | -11 -10 -10 -9 -8 -7 -7 ----------- Run | Scr Mat Min Mat Mat Fac Low Matter Collected 438 | 250 . 48 . . 75 65 Remotely . | . . . . . . . Salvage Created 781 | . . 48 . . 296 437 Parts 35 | . . 7 . . 11 17 Haulers Intercepted 1 | . . . . . 1 . Recyclers Shooed . | . . . . . . . Parts Field Recycled . | . . . . . . . Retrieved Matter . | . . . . . . . Parts Self-Destructed 14 | . . . . . . 14 Prevented . | . . . . . . . Kills | -11 -10 -10 -9 -8 -7 -7 ------- Run | Scr Mat Min Mat Mat Fac Low Combat Hostiles Destroyed 15 | . . 3 . . 3 9 Melee 15 | . . 3 . . 3 9 Classes Destroyed 5 | . . 1 . . 3 1 Hauler 1 | . . . . . 1 . Recycler 1 | . . . . . 1 . Swarmer 9 | . . 3 . . . 6 Grunt 4 | . . . . . 3 1 Duelist 2 | . . . . . . 2 Best Kill Streak 4 | . . 3 . . 3 4 Combat Bots Only 4 | . . 3 . . 3 4 Max Kills in Single Turn 1 | . . 1 . . 1 1 Gunslinging . | . . . . . . . Exploded . | . . . . . . . Melee 1 | . . 1 . . 1 1 Uniques/NPCs Destroyed . | . . . . . . . Combat | -11 -10 -10 -9 -8 -7 -7 -------- Run | Scr Mat Min Mat Mat Fac Low Damage Taken 2262 | . 156 249 145 107 46 1559 Core 947 | . 37 125 51 33 . 701 Absorbed by Shields . | . . . . . . . Core Remaining (%) 79 | 100 . 35 87 94 . . Volleys Fired 1 | . . 1 . . . . Largest 2 | . . 2 . . . . Hottest 70 | . . 70 . . . . Shots Fired 2 | . . 2 . . . . Gun 2 | . . 2 . . . . Cannon . | . . . . . . . Launcher . | . . . . . . . Special . | . . . . . . . Kinetic 1 | . . 1 . . . . Thermal 1 | . . 1 . . . . Explosive . | . . . . . . . Electromagnetic . | . . . . . . . Robot Hit Streak 2 | . . 2 . . . . Robot Miss Streak . | . . . . . . . Penetration Max . | . . . . . . . Secondary Targets . | . . . . . . . Shots Hit Robots 53 | . . 7 . . 10 36 Core Hits 21 | . . 4 . . 5 12 Critical Hits 2 | . . . . . 1 1 Critical Kills 1 | . . . . . . 1 Critical Parts Destroyed 1 | . . . . . 1 . Melee Attacks 61 | . . 11 . . 10 40 Impact . | . . . . . . . Slashing 61 | . . 11 . . 10 40 Piercing . | . . . . . . . Sneak Attacks 4 | . . . . . 4 . Combat Hostiles 1 | . . . . . 1 . Follow-up Attacks . | . . . . . . . Damage Inflicted 2277 | . 1 177 . . 664 1435 Guns 22 | . . 22 . . . . Cannons . | . . . . . . . Explosions . | . . . . . . . Melee 2254 | . . 155 . . 664 1435 Ramming 1 | . 1 . . . . . Kinetic 10 | . . 10 . . . . Thermal 12 | . . 12 . . . . Explosive . | . . . . . . . Electromagnetic . | . . . . . . . Impact . | . . . . . . . Slashing 2254 | . . 155 . . 664 1435 Piercing . | . . . . . . . Highest Corruption . | . . . . . . . Average Corruption . | . . . . . . . Corruption Purged . | . . . . . . . Overload Shots . | . . . . . . . Overflow Damage 136 | . . . . . 2 134 Projectiles . | . . . . . . . Explosions . | . . . . . . . Melee 136 | . . . . . 2 134 Knockbacks . | . . . . . . . Impact . | . . . . . . . Kinetic . | . . . . . . . Secondary . | . . . . . . . Self-Inflicted Damage . | . . . . . . . Shots . | . . . . . . . Rammed 1 | . 1 . . . . . Targets Rammed 1 | . 1 . . . . . Kicked . | . . . . . . . Crushed . | . . . . . . . Highest Temperature 9 | . . 9 . . . 6 Average Temperature 6 | . . 6 . . . 6 Received Heat Transfer 345 | . . 6 75 18 27 219 Siege Activations . | . . . . . . . Robots Corrupted . | . . . . . . . Combat Hostiles . | . . . . . . . Parts Fried . | . . . . . . . Impact Corruptions . | . . . . . . . Robots Melted . | . . . . . . . Combat Hostiles . | . . . . . . . Parts Melted . | . . . . . . . Heat Transferred 37 | . . 37 . . . . Parts Sabotaged . | . . . . . . . Parts Stolen . | . . . . . . . Parts Stripped . | . . . . . . . Power Chain Reactions . | . . . . . . . Missiles Intercepted . | . . . . . . . Alert | -11 -10 -10 -9 -8 -7 -7 ------- Run | Scr Mat Min Mat Mat Fac Low Peak Influence 114 | . 15 60 15 25 114 . Average Influence 16 | . 9 14 4 13 26 . Maximum Alert Level . | . . . . . . . Low Security (%) 100 | 100 100 100 100 100 100 . Level 1 . | . . . . . . . Level 2 . | . . . . . . . Level 3 . | . . . . . . . Level 4 . | . . . . . . . Level 5 . | . . . . . . . High Security . | . . . . . . . Max Security . | . . . . . . . Squads Dispatched 2 | . . 1 . . 1 . Investigation 1 | . . 1 . . . . Extermination . | . . . . . . . Reinforcement 1 | . . . . . 1 . Assault . | . . . . . . . Garrison . | . . . . . . . Intercept . | . . . . . . . Construction Impeded . | . . . . . . . Haulers Reinforced 1 | . . . . . 1 . Stealth | -11 -10 -10 -9 -8 -7 -7 --------- Run | Scr Mat Min Mat Mat Fac Low Distress Signals 1 | . 1 . . . . . Communications Jammed . | . . . . . . . Distress Signals . | . . . . . . . Times Spotted 41 | . 5 7 9 2 3 15 Peak Tracking Total 8 | . 5 3 8 3 2 7 Tactical Retreats 8 | . . 2 1 1 . 4 Traps | -11 -10 -10 -9 -8 -7 -7 ------- Run | Scr Mat Min Mat Mat Fac Low Traps Triggered 1 | . 1 . . . . . Indirectly . | . . . . . . . Trap Hack Attempts . | . . . . . . . Triggered . | . . . . . . . Disarmed . | . . . . . . . Reprogrammed . | . . . . . . . Reused . | . . . . . . . Traps Extracted . | . . . . . . . Installed . | . . . . . . . Triggered . | . . . . . . . Machines | -11 -10 -10 -9 -8 -7 -7 ---------- Run | Scr Mat Min Mat Mat Fac Low Machines Disabled . | . . . . . . . Max in Single Turn . | . . . . . . . Machines Sabotaged . | . . . . . . . Garrisons Compromised . | . . . . . . . Overloaded Fab Kills . | . . . . . . . Fab Network Shutdowns . | . . . . . . . Hacking | -11 -10 -10 -9 -8 -7 -7 --------- Run | Scr Mat Min Mat Mat Fac Low Machines Accessed 1 | . . 1 . . . . Terminals . | . . . . . . . Fabricators . | . . . . . . . Repair Stations . | . . . . . . . Recycling Units . | . . . . . . . Scanalyzers . | . . . . . . . Garrison Access . | . . . . . . . Total Hacks 1 | . . 1 . . . . Successful 1 | . . 1 . . . . Failed . | . . . . . . . Catastrophic . | . . . . . . . Database Lockouts . | . . . . . . . Manual . | . . . . . . . Terminals . | . . . . . . . Fabricators . | . . . . . . . Repair Stations . | . . . . . . . Recycling Units . | . . . . . . . Scanalyzers . | . . . . . . . Garrison Access . | . . . . . . . Terminal Hacks 1 | . . 1 . . . . Open Door 1 | . . 1 . . . . Fabricator Hacks . | . . . . . . . Repair Station Hacks . | . . . . . . . Recycling Unit Hacks . | . . . . . . . Scanalyzer . | . . . . . . . Garrison Access Hacks . | . . . . . . . Unauthorized Hacks . | . . . . . . . Terminals . | . . . . . . . Fabricators . | . . . . . . . Repair Stations . | . . . . . . . Recycling Units . | . . . . . . . Scanalyzers . | . . . . . . . Garrison Access . | . . . . . . . Data Cores Recovered . | . . . . . . . Used . | . . . . . . . Hacking Detections . | . . . . . . . Full Trace Events . | . . . . . . . Feedback Events . | . . . . . . . Feedback Blocked . | . . . . . . . Robot Schematics Acquired . | . . . . . . . Robots Built . | . . . . . . . Matter . | . . . . . . . Time . | . . . . . . . Total Robot Build Rating . | . . . . . . . Part Schematics Acquired . | . . . . . . . Parts Built . | . . . . . . . Matter . | . . . . . . . Time . | . . . . . . . Total Part Build Rating . | . . . . . . . Parts Repaired . | . . . . . . . Time . | . . . . . . . Parts Recycled . | . . . . . . . Recycled Matter . | . . . . . . . Retrieved Matter . | . . . . . . . Retrieved Components . | . . . . . . . Parts Scanalyzed . | . . . . . . . Part Schematics Acquired . | . . . . . . . Parts Damaged . | . . . . . . . Bothacking | -11 -10 -10 -9 -8 -7 -7 ------------ Run | Scr Mat Min Mat Mat Fac Low Used RIF Installer . | . . . . . . . Robots Hacked . | . . . . . . . Non-combat . | . . . . . . . Combat . | . . . . . . . Robot Hacks Applied . | . . . . . . . Relay Couplers Released . | . . . . . . . Robots Rewired . | . . . . . . . Allies Hacked . | . . . . . . . Hacks Repelled . | . . . . . . . Allies | -11 -10 -10 -9 -8 -7 -7 -------- Run | Scr Mat Min Mat Mat Fac Low Total Allies . | . . . . . . . Largest Group . | . . . . . . . Highest-Rated Group . | . . . . . . . Highest-Rated Ally . | . . . . . . . Total Orders . | . . . . . . . Ally Attacks . | . . . . . . . Total Damage . | . . . . . . . Kills . | . . . . . . . Allies Corrupted . | . . . . . . . Allies Melted . | . . . . . . . Intel | -11 -10 -10 -9 -8 -7 -7 ------- Run | Scr Mat Min Mat Mat Fac Low Robot Analysis Total . | . . . . . . . Derelict Logs Recovered 3 | . . 1 . . . 2 Drone Launches . | . . . . . . . Drone Recoveries . | . . . . . . . Exploration | -11 -10 -10 -9 -8 -7 -7 ------------- Run | Scr Mat Min Mat Mat Fac Low Turns Passed 1459 | 44 47 412 63 39 255 599 Spaces Moved 1420 | 42 51 536 163 78 193 357 Core 13 | 11 . . . . . 2 Treads . | . . . . . . . Legs 496 | . . . . . 145 351 Wheels 396 | 31 51 314 . . . . Hover . | . . . . . . . Flight 515 | . . 222 163 78 48 4 Fastest Speed 37 | 50 90 37 37 37 40 37 Average Speed 85 | 79 90 67 37 48 107 129 Slowest Speed 250 | 90 90 90 40 120 130 250 Overloaded Moves . | . . . . . . . Propulsion Burnouts . | . . . . . . . Robots Hopped 9 | . . 3 6 . . . Cave-ins Triggered . | . . . . . . . Exploration Rate (%) 24 | 3 19 66 22 17 6 41 Regions Visited 6 Branch Regions 2 Pre-discovered Areas 1 | . . 1 . . . . Known Exits Taken . | . . . . . . . Unknown Exits Taken 6 | 1 1 1 1 1 1 . Scrap Searched 5 | . . 2 . . . 3 Spaces Dug . | . . . . . . . Terrain Destroyed . | . . . . . . . Melee . | . . . . . . . Projectile . | . . . . . . . AOE . | . . . . . . . Actions | -11 -10 -10 -9 -8 -7 -7 --------- Run | Scr Mat Min Mat Mat Fac Low Total 1549 | 52 51 561 158 78 223 426 Wait 14 | . . . . . 5 9 Move 1398 | 41 50 529 152 77 192 357 Hop 7 | . . 3 4 . . . Pick Up 31 | 6 . 8 . . 9 8 Fast Attach . | . . . . . . . Attach 26 | 5 . 4 2 1 5 9 Detach . | . . . . . . . Swap 3 | . . 2 . . 1 . Drop 7 | . . 3 . . 1 3 Fire 1 | . . 1 . . . . Melee 61 | . . 11 . . 10 40 Ram 1 | . 1 . . . . . Kick . | . . . . . . . Crush . | . . . . . . . Escape Stasis . | . . . . . . . Rewire . | . . . . . . . Trap . | . . . . . . . Miscellaneous . | . . . . . . . Route ------- -11/Scrapyard -10/Materials -10/Mines -9/Materials -8/Materials -7/Factory -7/Lower Caves (discovered 1 exit: Low) History --------- Turn | Location | Event 4 | -11/Scrapyard | Discovered new exit (range 15) 45 | -11/Scrapyard | Entered Materials 83 | -10/Materials | Discovered new exit (range 10) 92 | -10/Materials | Entered Mines 97 | -10/Mines | Discovered new exit (range 8) 277 | -10/Mines | Learned location of Mines (-8) 303 | -10/Mines | Build established: Mutant 349 | -10/Mines | Met a Derelict shopkeep closing up shop 401 | -10/Mines | Core integrity fell below 50% 425 | -10/Mines | Lost 3 parts (1p1n1u) 504 | -10/Mines | Entered Materials 504 | -9/Materials | Evolved 2 slots: Power x1, Utility x1 559 | -9/Materials | Discovered new exit (range 12) 567 | -9/Materials | Entered another Materials area 567 | -8/Materials | Evolved 2 slots: Propulsion x2 599 | -8/Materials | Discovered new exit (range 14) 606 | -8/Materials | Entered Factory 606 | -7/Factory | Evolved 2 slots: Propulsion x2 636 | -7/Factory | Lost 3 parts (1p2n) 684 | -7/Factory | Discovered new exit (range 14) 861 | -7/Factory | Entered Lower Caves 1167 | -7/Lower Caves | Identified exit to Lower Caves 1350 | -7/Lower Caves | Attracted the attention of an 0b10 checkpoint 1413 | -7/Lower Caves | Core integrity fell below 50% 1443 | -7/Lower Caves | Core integrity fell below 20% 1460 | -7/Lower Caves | Destroyed by Y-54 Guardian with Gatling Laser Last Messages --------------- Autogun fries itself beyond repair. VTOL Module fries itself beyond repair. Imp. Deuterium Engine severed. Transport Network Coupler destroyed. Lgt. Nuclear Core destroyed. Destroyed Carbon-fiber Leg. Microactuators severed. L-41 Fighter destroyed. G-47 Trooper destroyed. Acquired Carbon-fiber Leg. Destroyed Imp. Heat Sink. Destroyed Particle Gun. Carbon-fiber Leg destroyed. Acquired 25 matter. Flight Unit destroyed. Acquired Imp. Deuterium Engine. VTOL Module destroyed. Great Axe destroyed. Flak Gun severed. Acquired 10 matter. Map ----- +----------------------------------------------------+ | ?## ####### ##???????????????????????????????? | | ??# #?##### ##????????????????????????????????? | | ??# #?# ####???????????????????????????????? | | ??# #?# #? ???????????????????????????????? | | ??# #?## ##? ???????????????????????????????? | | ??#%##### ##?? #???????????????????????????????? | | ??# %## ###??? #???????????????????????????????? | | ??# ##%######### #???????????????????????????????? | | ??# ##%# #?????????? #???????????????????? | | ??# ## # #?????????? #??????????????????? | | ??# ## #""" """ #?????????? #??????????????????? | | ??# """ """ ##????????# #??????????????????? | | ??##### """ """ #??##???? ???????????????????? | | ??????## " " #??## ##?? # ???????????????????? | | ???????#!""""" ##?## #?# #???????????????????? | | ???????#%""""" #??# #?# #???????????????????? | | ???????#! """ #??? ### ###?????????????????? | | ???????# ### #?????????????????? | | ???????## ### #??# #?????????????????? | | ????????# #?# ##???# #?????????????????? | | ???????### #?# ###????# % #?????????????????? | | ???????# ?# #??????#/ #?????????????????? | | ????????# ## #??????# % #?????????????????? | | ?????????# ###?????#%! %! #?????????????????? | | ?????????# # #########%#####?????????????????? | | ?????????# ## [@Y#?????????????????????? | | ?????????# # # ## ########?????????????????????? | | ?????????#### ## #????????????????????????????? | | ???????????## ### #????????????????????????????? | | ???????????# # #????????????????????????????? | | ???????????# #####????????????????????????????? | | ???????????######????????????????????????????????? | | ?????????????????????????????????????????????????? | | ?????????????????????????????????????????????????? | | ?????????????????????????????????????????????????? | | ?????????????????????????????????????????????????? | | ?????????????????????????????????????????????????? | | ?????????????????????????????????????????????????? | | ?????????????????????????????????????????????????? | | ?????????????????????????????????????????????????? | | ?????????????????????????????????????????????????? | | ?????????????????????????????????????????????????? | | ?????????????????????????????????????????????????? | | ?????????????????????????????????????????????????? | | ?????????????????????????????????????????????????? | | ?????????????????????????????????????????????????? | | ?????????????????????????????????????????????????? | | ?????????????????????????????????????????????????? | | | | | +----------------------------------------------------+ Best States ------------- Heat Dissipation 34 Energy Generation 23 Energy Capacity 290 Matter Stores 300 Matter Capacity 300 Sight Range 16 Terrain Scan Density 10 Evasion (%) 62 Melee Accuracy 6 Item Schematics ----------------- None Robot Schematics ------------------ None Fabricated ------------ Nothing Alien Tech Used ----------------- None Achievements -------------- None Challenges ------------ None Game ------ Seed FusionCryofiberNanosword Manual? 0 Play Time 00:20:18 Cumulative 11.8 hours Start 2020.04.20 @ 23:52:46 End 2020.04.21 @ 00:14:56 Sessions 1 Manual Loads 0 Difficulty Rogue Special Mode None Game No. 22 Rogue 22 Adventurer 0 Explorer 0 Win Type - Total 0 Types 0/0/0/0/0/0/0 Lore% 17 Gallery% 20 Achievement% 15 Wizard Run 0 Options --------- ASCII 0 Keyboard 0 Movement Mouse Keybinds 0 Fullscreen 1 Font 18/SmallcapsGlow Map View 76x50 Tactical HUD 0 Map Filters NONE Filters NONE Steam 1 RUN: a586eb24-a92f-448d-bea4-15ddd39f4beb